 Dungeon Crawl Stone Soup version 0.16-a0-2736-g1697cd3 (webtiles) character file.

164261 FiftyNine the Black Belt (level 17, 153/153 HPs)
             Began as a Demonspawn Monk on Nov 24, 2014.
             Was the Champion of Makhleb.
             Quit the game on level 5 of the Lair of Beasts on Nov 26, 2014.
             The game lasted 05:03:38 (40701 turns).

FiftyNine the Black Belt (Demonspawn Monk)         Turns: 40701, Time: 05:03:38

Health: 153/153    AC: 23    Str: 13    XL:     17   Next: 0%
Magic:  30/30      EV: 23    Int: 12    God:    Makhleb [******]
Gold:   421        SH:  0    Dex: 21    Spells: 4 memorised, 10 levels left

rFire  . . .     SeeInvis .       - Unarmed
rCold  . . .     Clarity  .     F - +3 ring mail {rPois}
rNeg   . . .     SustAb   .     (no shield)
rPois  +         Gourm    .     (helmet unavailable)
rElec  .         Spirit   +     s - +2 cloak {+Inv}
rCorr  .         Warding  .     x - +1 pair of gloves {archery}
rMut   .         Stasis   .     u - +2 pair of boots
MR     +....                    W - amulet of Vitality {HP+15 Regen}
Stlth  +++.......               q - +5 ring of evasion
                                j - ring of flight

@: somewhat resistant to hostile enchantments, fairly stealthy
A: horns 3, thin metallic scales 2, powered by pain 1, magic shield, magic
regeneration, magic link
a: Minor Destruction, Lesser Servant of Makhleb, Major Destruction, Greater
Servant of Makhleb, Renounce Religion, Evoke Invisibility, Evoke Flight
}: 1/15 runes: barnacled


You were on level 5 of the Lair of Beasts.
You worshipped Makhleb.
Makhleb was exalted by your worship.
You were not hungry.

You visited 8 branches of the dungeon, and saw 38 of its levels.
You visited 1 bazaar.
You also visited: Ice Cave and Volcano.

You collected 3740 gold pieces.
You spent 3319 gold pieces at shops.

Inventory:

Hand weapons
 p - a +2 blowgun
   (You found it on level 8 of the Lair of Beasts)
 Y - the +3 spear of Watchfulness {pierce, +Blink rElec Int+2}
   (You found it on level 6 of the Lair of Beasts)

   It inflicts extra damage upon your enemies.
   It affects your intelligence (+2).
   It insulates you from electricity.
   It lets you blink.
Missiles
 m - 6 curare-tipped needles {!f}
 y - 9 throwing nets {!f}
 K - 15 javelins of returning (quivered)
Armour
 e - the +3 ring mail of the Carpenter {rC+ rCorr Stlth+}
   (You bought it in a shop in a bazaar)

   It protects you from cold.
   It protects you from acid and corrosion.
   It makes you more stealthy.
 r - a +3 leather armour of fire resistance
   (You took it off Eustachio on level 1 of the Orcish Mines)
 s - a +2 cloak of invisibility (worn)
   (You bought it in a shop in a bazaar)
 u - a +2 pair of boots (worn)
   (You found it on level 2 of the Dungeon)
 x - a +1 pair of gloves of archery (worn)
   (You bought it in a shop on level 2 of the Shoals)
 F - a +3 ring mail of poison resistance (worn)
   (You bought it in a shop on level 2 of the Shoals)
 N - a +2 cloak of magic resistance
   (You bought it in a shop on level 4 of the Orcish Mines)
Jewellery
 f - an uncursed ring of ice
   (You found it on level 6 of the Lair of Beasts)
 j - a ring of flight (left hand)
   (You found it on level 2 of the Dungeon)
 k - an uncursed ring of teleportation
   (You found it on level 2 of the Dungeon)
 q - a +5 ring of evasion (right hand)
   (You acquired it on level 2 of the Shoals)
 C - an uncursed ring of positive energy
   (You found it on level 3 of the Dungeon)
 O - an uncursed ring of see invisible
   (You found it on level 13 of the Dungeon)
 T - a +3 ring of strength
   (You found it on level 2 of the Elven Halls)
 W - the amulet of Vitality (around neck) {HP+15 Regen}
   (You bought it in a shop on level 1 of the Shoals)

   [amulet of regeneration]

   It affects your health (+15).
   It increases your rate of regeneration.
Magical devices
 a - a wand of hasting (2)
   (You found it on level 15 of the Dungeon)
 b - a wand of digging (12)
   (You found it on level 5 of the Shoals)
 c - a wand of cold (5)
   (You found it on level 6 of the Lair of Beasts)
 g - a wand of invisibility (2)
   (You bought it in a shop on level 4 of the Orcish Mines)
 z - a wand of disintegration (5)
   (You found it on level 11 of the Dungeon)
 I - a wand of draining (8)
   (You found it on level 8 of the Lair of Beasts)
 L - a wand of paralysis (10)
   (You found it on level 8 of the Lair of Beasts)
 Z - a wand of teleportation (3)
   (You took it off Eustachio on level 1 of the Orcish Mines)
Scrolls
 t - a scroll of fear
 A - a scroll of identify
 J - 3 scrolls of summoning
 P - 3 scrolls of teleportation
 R - a scroll of vulnerability
 S - 2 scrolls of fog
 U - 6 scrolls of recharging
 V - 6 scrolls of remove curse
 X - 2 scrolls of blinking
Potions
 d - 4 potions of restore abilities
 h - 4 potions of haste
 i - a potion of cure mutation {!q}
 n - 8 potions of curing
 o - 4 potions of brilliance
 v - 4 potions of magic
 w - a potion of cancellation
 B - 4 potions of berserk rage
 E - 5 potions of agility
 G - a potion of might
 M - 4 potions of resistance
 Q - 7 potions of heal wounds
Miscellaneous
 D - a lamp of fire
   (You found it on level 3 of the Elven Halls)
Comestibles
 l - 12 bread rations
 H - 13 meat rations


   Skills:
 + Level 13.7 Fighting
 - Level 11.7 Armour
 - Level 10.3 Dodging
 - Level 7.2 Stealth
 + Level 15.7 Unarmed Combat
 - Level 8.0 Hexes
 - Level 10.5 Invocations
 - Level 8.6 Evocations


You had 10 spell levels left.
You knew the following spells:

 Your Spells              Type           Power        Failure   Level  Hunger
a - Confusing Touch       Hex            ###...       1%          2    ###....
b - Stoneskin             Trmt/Erth      #.......     56%         2    ###....
q - Apportation           Tloc           #.........   34%         1    ##.....
z - Animate Skeleton      Necr           N/A          34%         1    ##.....


Innate Abilities, Weirdness & Mutations

You have a pair of large horns on your head.
You are mostly covered in thin metallic scales (AC +3).
You sometimes gain a little power by taking damage.
When hurt, damage is shared between your health and your magic reserves.
You regenerate magic rapidly.
When low on magic, you restore magic in place of health.

Dungeon Overview and Level Annotations

Branches:
Dungeon (15/15)            Temple (1/1) D:6            Lair (8/8) D:10
 Shoals (5/5) Lair:3       Spider (0/5) Lair:5        Slime (1/6) Lair:6
    Orc (4/4) D:9             Elf (3/3) Orc:4        Vaults (0/5) D:13
 Depths (1/5) D:15

Altars:
Ashenzari
Cheibriados
Dithmenos
Elyvilon
Fedhas
Gozag
Kikubaaqudgha
Makhleb
Nemelex Xobeh
Okawaru
Qazlal
Ru
Sif Muna
Trog
Vehumet
Xom
Yredelemnul
Zin
The Shining One
Beogh

Shops:
D:8 (   D:10 }   D:11 :   Orc:4 [(}!}=   Shoals:1 =   Shoals:2 [}(?
Shoals:3 ((=(

Annotations:
D:2 Sigmund
D:4 Pikel
D:5 exclusion: ogre
D:6 exclusion: scorpion
D:7 Joseph
D:11 runed door
Elf:1 exclusion: Roxanne, Roxanne

.# ##..................# .#
##..................## ##
#....................# .#
#.................P..# .#
##....≈≈≈.≈≈≈.....##..# .#
#...≈.≈≈.≈≈.≈.PP## ..P# .##
###...≈≈.≈.≈.≈≈..## #### ..###
#.#...≈≈≈...≈≈≈..#
....####........@.....P#
........##.#≈≈≈...≈≈≈≈≈#
........#.#≈≈≈.≈.≈.≈≈P## ####
........####≈.≈≈.≈≈.≈≈# ##..#
......P.# ##.≈≈≈.≈≈≈..#####.#.#
........###.####...≈##.PP##..##
.......#.#.#####.............#
.............#.#............##
P.....#.##.............[....#


There were no monsters in sight!


Message History

You kill the merfolk!
Makhleb accepts your kill.
No target in view!
y - 9 throwing nets {!f} (gained 1)
You see here a trident.
(D) Dungeon (T) Temple (L) Lair (A) Shoals (N) Spider Nest (M) Slime Pits (O) Orcish Mines (E) Elven Halls (V) Vaults (U) Depths
Where to? (Enter - Lair:3, ? - help)
There is a stone staircase leading up here.
You climb upwards.
There is a stone staircase leading down here.
You enter the shallow water.
Moving in this stuff is going to be slow.
There is a staircase back to the Lair here.
You climb upwards.
Welcome back to the Lair of Beasts!
There is a staircase to the Shoals here.
(D) Dungeon (T) Temple (L) Lair (A) Shoals (N) Spider Nest (M) Slime Pits (O) Orcish Mines (E) Elven Halls (V) Vaults (U) Depths
Where to? (Enter - Lair:3, ? - help)
What level of the Spider Nest? (default 1, ? - help)
There is a stone staircase leading down here.
You climb downwards.
There is a stone staircase leading up here.
There is a stone staircase leading down here.
You climb downwards.
There is a stone staircase leading up here.
There is a hole to the Spider Nest here.
Are you sure you want to abandon this character and quit the game? (Confirm with "yes".)

Notes
Turn   | Place    | Note
--------------------------------------------------------------
     0 | D:1      | FiftyNine, the Demonspawn Monk, began the quest for the Orb.
     0 | D:1      | Reached XP level 1. HP: 18/18 MP: 1/1
   129 | D:1      | Found a snail-covered altar of Cheibriados.
   310 | D:1      | oh lord
   310 | D:1      | oh jesus
   310 | D:1      | not again
   335 | D:1      | Reached skill level 4 in Unarmed Combat
   452 | D:1      | Gained mutation: When hurt, damage is shared between your health and your magic reserves. [demonic ancestry]
   452 | D:1      | Reached XP level 2. HP: 24/24 MP: 2/2
   453 | D:1      | drke: good
   453 | D:1      | drke: its like you have 2 more hp now
   453 | D:1      | FiftyNine: woo
   548 | D:1      | drke: that's practically robust
   980 | D:1      | drke: moment of truth
   980 | D:1      | what the hell is wrong with this game
   986 | D:1      | FiftyNine: it gives rpois, right?
   986 | D:1      | drke: yes
   994 | D:1      | drke: that will be sufficient to make you win
   997 | D:1      | drke: i think
  1006 | D:1      | drke: yeah you were dead without that
  1006 | D:1      | Gained mutation: You have a pair of small horns on your head. [demonic ancestry]
  1006 | D:1      | Reached XP level 3. HP: 12/29 MP: 3/3
  1220 | D:1      | drke: horns are pretty nice i guess
  1296 | D:1      | FiftyNine: I would rather get claws
  1296 | D:1      | drke: who wouldn't
  1327 | D:1      | drke: that's the one nice thing about monstrous is that they are guaranteed
  1342 | D:1      | drke: i don't really like it though
  1377 | D:1      | drke: like not only do you lose 3/5 equip slots, you don't get scales
  1381 | D:1      | drke: so it's like uber glass cannon mode
  1622 | D:2      | Reached skill level 5 in Unarmed Combat
  1707 | D:2      | Reached XP level 4. HP: 25/35 MP: 2/4
  2046 | D:2      | Noticed Sigmund
  2488 | D:2      | Noticed Jessica
  2494 | D:2      | Killed Jessica
  2762 | D:3      | Noticed Terence
  2992 | D:3      | Killed Terence
  2992 | D:3      | Gained mutation: You regenerate magic rapidly. [demonic ancestry]
  2992 | D:3      | Reached XP level 5. HP: 41/41 MP: 5/5
  3403 | D:3      | Reached skill level 6 in Unarmed Combat
  3842 | D:4      | Noticed a slave
  3845 | D:4      | Noticed a slave
  3847 | D:4      | Noticed Pikel
  3849 | D:4      | Noticed a slave
  3850 | D:4      | Noticed a slave
  3890 | D:3      | FiftyNine: I wonder if I sshould just skip PIke
  3890 | D:3      | FiftyNine: to NOT get xp
  4049 | D:4      | drke: doesnt matter much with the xp curve
  4057 | D:4      | Found a radiant altar of Vehumet.
  4062 | D:4      | drke: i mostly skipped lair floors
  4073 | D:4      | drke: other than the ones that can have the branches
  4088 | D:4      | drke: and also lair:8 entirely
  4135 | D:4      | drke: and i was able to finish with like 60% of xl15 remaining
  4208 | D:4      | Found a shattered altar of Ashenzari.
  4225 | D:4      | drke: probably the important thing is just not to get too much exp in lair
  4244 | D:4      | drke: since orc has almost no exp aside from orc:4
  4297 | D:4      | drke: and the other 2 branches you dive without killing much
  4300 | D:4      | FiftyNine: mhm
  4306 | D:4      | FiftyNine: Still
  4306 | D:4      | FiftyNine: never gat rune before XL15
  4308 | D:4      | drke: also having makhleb kill a lot of the stuff probably helped
  4310 | D:4      | drke: you dont have to get the rune that early
  4310 | D:4      | FiftyNine: oh
  4310 | D:4      | drke: you can just go lair->orc->elf->dive 1 lair branch
  4310 | D:4      | drke: for the tier 3
  4310 | D:4      | drke: and for tier 2 you enter slime and depths
  4310 | D:4      | drke: thats what i did
  4310 | D:4      | FiftyNine: Good
  4375 | D:4      | drke: i think walker intended people to be going for a rune at xl15
  4389 | D:4      | drke: but he miscounted
  4444 | D:4      | FiftyNine: I think I'm gonna take Yred or Makh
  4444 | D:4      | FiftyNine: Whichever I find first
  4711 | D:4      | Gained mutation: You have a pair of horns on your head. [demonic ancestry]
  4711 | D:4      | Reached XP level 6. HP: 43/47 MP: 6/6
  5114 | D:4      | Noticed a phantom
  5154 | D:4      | Killed a phantom
  5154 | D:4      | Reached skill level 7 in Unarmed Combat
  5199 | D:5      | Entered Level 5 of the Dungeon
  5419 | D:4      | Killed a slave
  5473 | D:4      | Killed a slave
  6150 | D:5      | Gained mutation: You sometimes gain a little power by taking damage. [demonic ancestry]
  6150 | D:5      | Reached XP level 7. HP: 34/52 MP: 5/7
  6151 | D:5      | FiftyNine: bleh
  6151 | D:5      | FiftyNine: powered by pain
  6328 | D:5      | Reached skill level 8 in Unarmed Combat
  7130 | D:6      | Found a staircase to the Ecumenical Temple.
  7136 | Temple   | Entered the Ecumenical Temple
  7202 | Temple   | FiftyNine: no yred
  7202 | Temple   | FiftyNine: oh well
  7202 | Temple   | Became a worshipper of Makhleb the Destroyer
  7202 | Temple   | Acquired Makhleb's first power
  7202 | Temple   | Acquired Makhleb's second power
  7323 | D:6      | Found a stormy altar of Qazlal.
  7441 | D:6      | Found a shimmering altar of Xom.
  7729 | D:6      | Reached skill level 9 in Unarmed Combat
  7742 | D:6      | Reached XP level 8. HP: 58/58 MP: 4/8
  8072 | D:6      | Found a basalt altar of Yredelemnul.
  8601 | D:7      | Reached skill level 10 in Unarmed Combat
  8650 | D:7      | Reached skill level 1 in Invocations
  8719 | D:7      | Acquired Makhleb's third power
  8948 | D:7      | Reached skill level 3 in Invocations
  8968 | D:7      | Found a white marble altar of Elyvilon.
  8975 | D:7      | Noticed Joseph
  9808 | D:8      | Noticed utis' ghost (experienced KoFi)
 10591 | D:8      | Reached skill level 5 in Fighting
 10607 | D:8      | Reached skill level 5 in Invocations
 10607 | D:8      | Gained mutation: You are partially covered in thin metallic scales (AC +2). [demonic ancestry]
 10607 | D:8      | Reached XP level 9. HP: 38/68 MP: 12/16
 10794 | D:8      | Found Uciuwoaj's Weapon Boutique.
 10987 | D:8      | Killed utis' ghost
 10987 | D:8      | Reached skill level 6 in Fighting
 11277 | D:8      | Found a bloodstained altar of Trog.
 11524 | D:8      | Reached skill level 8 in Fighting
 11721 | D:8      | Found a sparkling altar of Nemelex Xobeh.
 11723 | D:8      | Found a sacrificial altar of Ru.
 12091 | D:9      | Found a staircase to the Orcish Mines.
 12585 | D:9      | Found a shadowy altar of Dithmenos.
 12658 | D:9      | Gained mutation: You have a pair of large horns on your head. [demonic ancestry]
 12658 | D:9      | Reached XP level 10. HP: 73/85 MP: 15/18
 12659 | D:9      | rip hats
 12734 | D:9      | Found an opulent altar of Gozag.
 12843 | D:9      | Reached skill level 10 in Fighting
 12862 | D:9      | Found a roughly hewn altar of Beogh.
 12877 | D:9      | Acquired Makhleb's fourth power
 13403 | Orc:1    | Entered Level 1 of the Orcish Mines
 13452 | D:10     | Entered Level 10 of the Dungeon
 13519 | D:10     | Reached skill level 11 in Fighting
 13715 | D:10     | Found Jonn's Gadget Boutique.
 14270 | D:10     | Reached skill level 6 in Invocations
 14340 | D:10     | Reached skill level 1 in Armour
 14340 | D:10     | Reached skill level 3 in Dodging
 14670 | D:10     | Found a staircase to the Lair.
 14677 | Lair:1   | Entered Level 1 of the Lair of Beasts
 14696 | Lair:1   | Reached skill level 3 in Armour
 14898 | Lair:1   | Found a frozen archway.
 14937 | Lair:1   | Acquired Makhleb's fifth power
 14989 | Lair:1   | Reached skill level 8 in Invocations
 15018 | Lair:1   | Reached XP level 11. HP: 90/93 MP: 22/22
 15044 | IceCv    | Entered an ice cave
 15223 | IceCv    | Noticed an ice statue
 15223 | IceCv    | Noticed an ice statue
 15382 | IceCv    | Noticed an ice dragon
 15382 | IceCv    | Noticed an ice dragon
 15921 | Lair:1   | Reached skill level 10 in Invocations
 16361 | Lair:4   | Reached skill level 5 in Dodging
 16414 | Lair:4   | drke: actually pbp is really good for you
 16420 | Lair:4   | drke: since you have the mana shield
 16434 | Lair:4   | drke: it either mights, agis or heals you basically
 16597 | Lair:4   | FiftyNine: hm
 16597 | Lair:4   | FiftyNine: Well, I'd still prefer pbd, I guess
 16631 | Lair:4   | drke: pbp + pbd is probably better synergy
 16645 | Lair:4   | drke: i got that combo before
 16829 | Lair:4   | drke: but this is pretty solid
 16835 | Lair:4   | drke: its not-spiny
 17043 | Lair:5   | Noticed a death yak
 17046 | Lair:5   | Noticed a death yak
 17051 | Lair:5   | Noticed a death yak
 17056 | Lair:5   | Noticed Harold
 17509 | Lair:4   | drke: honestly i like all of them except spiny
 17528 | Lair:4   | FiftyNine: well
 17528 | Lair:4   | FiftyNine: pbp is like spiny but better
 17528 | Lair:4   | FiftyNine: I just don't like the general principle
 17528 | Lair:4   | FiftyNine: that something works of you taking damage
 17528 | Lair:4   | FiftyNine: In any game
 17528 | Lair:4   | FiftyNine: not just crawl
 17528 | Lair:4   | FiftyNine: mostly because I prefer not to take damage
 17528 | Lair:4   | FiftyNine: whenever possible
 17575 | Lair:5   | Noticed Fannar
 17611 | Lair:5   | Killed Fannar
 17920 | Lair:5   | drke: that is a good policy but if you're not taking meaningful damage then you're going to win the encounter anyway
 18052 | Lair:6   | Found a staircase to the Slime Pits.
 18087 | Lair:6   | drke: i wouldnt say that its good to intentionally get hurt a lot with pbp
 18089 | Lair:6   | drke: just in case you do, there's a buff
 18127 | Lair:6   | drke: is this 0 slings?
 18130 | Lair:6   | FiftyNine: Yes
 18210 | Slime:1  | Entered Level 1 of the Pits of Slime
 18314 | Lair:6   | drke: it actually is pretty decent
 18318 | Lair:6   | FiftyNine: yep
 18318 | Lair:6   | FiftyNine: Slings are great early
 18318 | Lair:6   | FiftyNine: Not blowgun great
 18318 | Lair:6   | FiftyNine: but still
 18318 | Lair:6   | drke: i have a dislike of launchers
 18350 | Lair:7   | drke: probably because they used to make no sense
 18484 | Lair:7   | FiftyNine: My first ranged game was CeHu during ranged rework
 18484 | Lair:7   | FiftyNine: at the time mechanic was already new
 18484 | Lair:7   | FiftyNine: but launchers still had old stats
 18484 | Lair:7   | FiftyNine: it was laughable
 18484 | Lair:7   | drke: old longbow with the ranged rework was stupid yeah
 18488 | Lair:7   | drke: it had a mindelay of 12
 18489 | Lair:7   | FiftyNine: yep
 18489 | Lair:7   | FiftyNine: And I had like 15 slaying that game
 18489 | Lair:7   | FiftyNine: practically facerolled all the way tothe win
 18744 | Lair:7   | drke: i liked old crossbows as a start
 18754 | Lair:7   | drke: like, not to continuously use crossbows
 18760 | Lair:7   | Reached skill level 12 in Unarmed Combat
 18760 | Lair:7   | drke: just having a 15 damage weapon at the start
 18760 | Lair:7   | Gained mutation: You are mostly covered in thin metallic scales (AC +3). [demonic ancestry]
 18760 | Lair:7   | Reached XP level 12. HP: 100/100 MP: 26/26
 18765 | Lair:7   | FiftyNine: What do I get at metallic scales 3?
 18765 | Lair:7   | FiftyNine: just more ac?
 18765 | Lair:7   | drke: this is relec
 18765 | Lair:7   | drke: i think
 18765 | Lair:7   | drke: the ac only one is called iridescent
 18765 | Lair:7   | FiftyNine: right
 18765 | Lair:7   | FiftyNine: and black +ac -ev?
 18819 | Lair:8   | Entered Level 8 of the Lair of Beasts
 18822 | Lair:7   | drke: yeah, level 3 black gives 10 ac
 18822 | Lair:7   | drke: -3 dex
 18893 | Lair:6   | FiftyNine: tea break
 18893 | Lair:6   | drke: kk
 19338 | Lair:6   | Learned a level 1 spell: Apportation
 19340 | Lair:6   | Learned a level 1 spell: Animate Skeleton
 19585 | Lair:6   | FiftyNine: Can Makh summons turn hostile?
 19585 | Lair:6   | Ratboiler: yes
 19585 | Lair:6   | Ratboiler: i died to it :P
 19585 | Lair:6   | FiftyNine: Just like "Summon greater demon" spell?
 19591 | Lair:6   | FiftyNine: I should clarify
 19591 | Lair:6   | Ratboiler: invo based, formula is on wiki i think
 19591 | Lair:6   | FiftyNine: If you successfully summoned a friendly demon
 19591 | Lair:6   | FiftyNine: can it turn hostile after a certain timeout?
 19591 | Lair:6   | Ratboiler: no, it will be hostile or friendly
 19591 | Lair:6   | drke: no, it's either hostile from the start or friendly forever
 19591 | Lair:6   | FiftyNine: Good
 19693 | Lair:6   | drke: basically you want to summon shit at full hp
 19697 | Lair:6   | drke: and if you get a hostile either summon more to kill it or gtfo
 19697 | Lair:6   | FiftyNine: ye
 19697 | Lair:6   | FiftyNine: Figured as much
 19712 | Lair:6   | Got an iridescent spear
 19921 | Lair:6   | Reached skill level 13 in Unarmed Combat
 19944 | Lair:5   | drke: i prefer makh to trog after 5 stars
 19945 | Lair:5   | Killed Harold
 19947 | Lair:5   | drke: because you're guaranteed good summons
 19952 | Lair:5   | drke: other than the hostile factor
 19952 | Lair:5   | Found a hole to the Spider Nest.
 19959 | Lair:5   | drke: you don't get in a rut with piety and summon ogres
 20464 | Lair:4   | Noticed an eight-headed hydra
 20471 | Lair:4   | Killed an eight-headed hydra
 20697 | Lair:3   | Found a staircase to the Snake Pit.
 20701 | Lair:3   | mimic
 20857 | Lair:3   | Found a staircase to the Shoals.
 20909 | Lair:2   | Reached skill level 14 in Unarmed Combat
 21231 | Orc:1    | Reached skill level 3 in Stealth
 21261 | Orc:1    | Noticed Eustachio
 21282 | Orc:1    | Killed Eustachio
 21295 | Orc:1    | Identified the +3 spear of Watchfulness {pierce, +Blink rElec Int+2} (You found it on level 6 of the Lair of Beasts)
 21326 | Orc:1    | drke: oh hey, confusing touch
 21329 | Orc:1    | drke: i wonder if that would be good
 21349 | Orc:1    | drke: ds has a better hexes apt iirc
 21349 | Orc:1    | FiftyNine: Well, better than most others
 21370 | Orc:1    | Learned a level 2 spell: Confusing Touch
 21378 | Orc:2    | drke: it doesn't check MR
 21393 | Orc:2    | FiftyNine: HD check?
 21394 | Orc:2    | drke: yeah
 21420 | Orc:2    | Found a shimmering altar of Xom.
 21426 | Orc:2    | drke: it works against anything pretty much
 21459 | Orc:2    | drke: other than liches etc
 21459 | Orc:2    | FiftyNine: Well, you also lose damage on that attack, right?
 21459 | Orc:2    | drke: it makes the attack do zero damage
 21459 | Orc:2    | drke: but after that you do full damage
 21459 | Orc:2    | FiftyNine: Regardless of whether confuse worked
 21511 | Orc:3    | Found a radiant altar of Vehumet.
 21512 | Orc:3    | drke: yeah i believe so
 21519 | Orc:3    | drke: but you won't have to cast it again if it doesnt work
 21519 | Orc:3    | drke: you just attack again
 21519 | Orc:3    | drke: it has a duration
 21520 | Orc:3    | FiftyNine: hm
 21520 | Orc:3    | drke: i think you will get use out of it
 21520 | Orc:3    | FiftyNine: I guess I'll try it
 21681 | Orc:3    | drke: i mean, not like UC stabs are very good
 21688 | Orc:3    | drke: but there arent many ways to apply confuse without spellpower
 21688 | Orc:3    | drke: and it makes the monster useless
 21688 | Orc:3    | FiftyNine: Well, confuse is still confuse
 21688 | Orc:3    | FiftyNine: it's kinda nice when they're not hitting you
 21694 | Orc:3    | drke: yeah
 21699 | Orc:3    | drke: i mean theres a reason you have to be unarmed to use it
 22410 | Orc:4    | Entered Level 4 of the Orcish Mines
 22435 | Orc:4    | Found a dark tunnel.
 22447 | Volcano  | Entered a volcano
 22483 | Volcano  | drke: it looks like kramin has screwed up his bot announcements pretty badly
 22483 | Volcano  | FiftyNine: yeah
 22483 | Volcano  | FiftyNine: oh well
 22483 | Volcano  | FiftyNine: as long as the scoreboard works
 22561 | Orc:4    | Found Ciamn's Weapon Shoppe.
 22567 | Orc:4    | Found a staircase to the Elven Halls.
 22613 | Orc:4    | Found Kleuj's Antique Armour Emporium.
 22623 | Orc:4    | Bought a pair of runed gloves for 130 gold pieces
 22623 | Orc:4    | Bought a glowing cloak for 130 gold pieces
 22752 | Orc:4    | Reached skill level 5 in Stealth
 22949 | Orc:4    | Reached skill level 6 in Stealth
 23150 | Orc:4    | Gained mutation: When low on magic, you restore magic in place of health. [demonic ancestry]
 23150 | Orc:4    | Reached XP level 13. HP: 66/106 MP: 20/27
 23822 | Orc:4    | Reached skill level 1 in Hexes
 23882 | Orc:4    | Reached skill level 3 in Hexes
 24114 | Orc:4    | Found Fihef's Jewellery Boutique.
 24116 | Orc:4    | Found Muikhauh's Gadget Shoppe.
 24117 | Orc:4    | Found Pheusuat's Distillery.
 24118 | Orc:4    | Found Criuf's Gadget Shoppe.
 24134 | Orc:4    | Bought a wand of invisibility (5) for 126 gold pieces
 24138 | Orc:4    | Bought a potion of curing for 33 gold pieces
 24138 | Orc:4    | Bought a potion of curing for 33 gold pieces
 24143 | Orc:4    | Bought a potion of resistance for 110 gold pieces
 24143 | Orc:4    | Bought a potion of agility for 44 gold pieces
 24143 | Orc:4    | Bought a potion of cancellation for 88 gold pieces
 24204 | Elf:1    | Entered Level 1 of the Elven Halls
 24529 | Elf:1    | Noticed a deep elf sorcerer
 24540 | Elf:1    | Killed a deep elf sorcerer
 24688 | Elf:1    | Reached skill level 5 in Hexes
 24820 | Elf:1    | Noticed Roxanne
 24953 | Elf:1    | Reached skill level 6 in Hexes
 25171 | Elf:2    | Noticed a deep elf annihilator
 25346 | Elf:2    | XTAHUA: ROOOOOOOOAAAAAR!
 25351 | Elf:1    | drke: lol
 25351 | Elf:1    | drke: they buffed deep elf knights apparently
 25566 | Elf:1    | FiftyNine: heh
 25566 | Elf:1    | FiftyNine: Tedronai is having fun, it seems
 25566 | Elf:1    | FiftyNine: But yeah
 25566 | Elf:1    | FiftyNine: They know a lot of spells now
 25566 | Elf:1    | FiftyNine: namely dspray
 25584 | Elf:1    | Reached skill level 8 in Hexes
 25753 | Elf:2    | Reached skill level 5 in Armour
 25773 | Elf:3    | Entered Level 3 of the Elven Halls
 25977 | D:9      | FiftyNine: So
 25977 | D:9      | FiftyNine: what now
 25977 | D:9      | FiftyNine: senter-exit shoals
 25977 | D:9      | drke: hit ctrl-o
 25977 | D:9      | FiftyNine: and finish spider
 25977 | D:9      | drke: ok so you have 3 complete and 4 entered
 25977 | D:9      | FiftyNine: snake is a mimic
 25977 | D:9      | drke: you want to dive one of spider/shoals
 25977 | D:9      | drke: then dive to depths and enter it
 25977 | D:9      | drke: then go back and clear out stuff normally
 25977 | D:9      | drke: then get the one you don't dive
 25977 | D:9      | FiftyNine: hm
 25977 | D:9      | drke: i dived swamp and did spider
 25977 | D:9      | drke: im not sure what you want to go with
 25977 | D:9      | drke: shoals has islands but not as much monster density
 25977 | D:9      | drke: do you have rpois?
 25977 | D:9      | FiftyNine: nah
 25977 | D:9      | FiftyNine: shoals it is
 26065 | D:10     | Reached skill level 6 in Dodging
 26125 | Shoals:1 | Entered Level 1 of the Shoals
 26127 | Shoals:1 | Found Fepaq's Jewellery Boutique.
 26154 | Shoals:1 | Bought the amulet of Vitality {HP+15 Regen} for 555 gold pieces
 26154 | Shoals:1 | alright alright alright
 26204 | Shoals:2 | Found Qullun's Antique Armour Shop.
 26277 | Shoals:2 | Found Dyhywi's Gadget Shoppe.
 26295 | Shoals:2 | Found a flickering gateway to a bazaar.
 26331 | Bazaar   | Entered a bazaar
 26331 | Bazaar   | Found Sham's Antique Armour Shop.
 26354 | Bazaar   | Found Zehal's General Store.
 26374 | Bazaar   | Found Adainu's Antique Weapon Shop.
 26396 | Bazaar   | Bought an encrusted ring mail for 108 gold pieces
 26407 | Bazaar   | Identified the cursed -4 ring mail "Diebresa" {rElec Dex-4} (You bought it in a shop in a bazaar)
 26415 | Bazaar   | Bought a bronze ring mail for 108 gold pieces
 26421 | Bazaar   | Identified the +3 ring mail of the Carpenter {rC+ rCorr Stlth+} (You bought it in a shop in a bazaar)
 26421 | Bazaar   | Bought a shiny steam dragon armour for 480 gold pieces
 26421 | Bazaar   | Bought a glowing cloak for 54 gold pieces
 26465 | Bazaar   | Bought a scroll of identify for 24 gold pieces
 26465 | Bazaar   | Bought a scroll of identify for 24 gold pieces
 26506 | Shoals:2 | Noticed Rupert
 26520 | Shoals:3 | Found Staps' Weapon Shoppe.
 26523 | Shoals:3 | drke: time to demon it up
 26529 | Shoals:3 | FiftyNine: What, you meant Rupert?
 26551 | Shoals:3 | Found Yngaeczi's Jewellery Shop.
 26560 | Shoals:3 | FiftyNine: man
 26560 | Shoals:3 | FiftyNine: so many shops on this game
 26595 | Shoals:3 | drke: i mean everyone
 26597 | Shoals:3 | drke: demon all the dudes
 26617 | Shoals:3 | Reached skill level 6 in Armour
 26626 | Shoals:3 | FiftyNine: heh
 26626 | Shoals:3 | FiftyNine: another bonus at 99% to the next level?
 26635 | Shoals:3 | drke: i think ds muts are random
 26652 | Shoals:3 | drke: you seem to always get one at level 2
 26655 | Shoals:3 | drke: but i don't know about beyond thta
 26655 | Shoals:3 | FiftyNine: nah
 26655 | Shoals:3 | FiftyNine: I meant like my last time on FoAM
 26655 | Shoals:3 | FiftyNine: With that shaft
 26655 | Shoals:3 | drke: oh
 26655 | Shoals:3 | FiftyNine: where I had like 1% to xl19
 26660 | Shoals:3 | drke: you are good i think
 26668 | Shoals:3 | drke: you're close to 14
 26670 | Shoals:3 | drke: not 15
 26695 | Shoals:3 | drke: and only 2 levels to go
 26695 | Shoals:3 | drke: its in the bag now basically
 26695 | Shoals:3 | FiftyNine: And the rest of D
 26700 | Shoals:3 | Found Klosas Momuo's Weapon Emporium.
 26720 | Shoals:3 | drke: i would just dive it, but even if you clear it you probably have some leeway
 26729 | Shoals:5 | Entered Level 5 of the Shoals
 26737 | Shoals:3 | FiftyNine: Good stairs
 26946 | D:11     | Found Yteff's Book Boutique.
 27107 | D:12     | Reached XP level 14. HP: 113/113 MP: 26/28
 27161 | D:12     | FiftyNine: Actually this guys feels really strong
 27161 | D:12     | FiftyNine: even though I'm diving a lot
 27180 | D:12     | drke: you didn't 15 rune yet
 27242 | D:13     | FiftyNine: Well, I didn't get zot20 and <50k either
 27242 | D:13     | FiftyNine: I suppose I could go for at least one of them
 27357 | D:13     | drke: zot20 you probably would have to do via abyss
 27369 | D:13     | drke: there's too much exp in vaults
 27369 | D:13     | FiftyNine: I have rcorr tho
 27384 | D:13     | drke: hm
 27384 | D:13     | drke: maybe poyl
 27384 | D:13     | drke: poly
 27385 | D:13     | FiftyNine: Although both abyss and slime require rmut
 27385 | D:13     | FiftyNine: more or less
 27535 | D:13     | drke: slime just requires a cmut maybe
 27552 | D:13     | drke: you can use summon spam or whatever to block los
 27856 | D:13     | Identified a scroll of acquirement
 27858 | D:13     | :/
 28218 | D:14     | drke: it looks like if you get any of the 3 bonuses you win the division
 28220 | D:14     | drke: 3 side bonuses
 28220 | D:14     | FiftyNine: mopl aready splatted?
 28220 | D:14     | drke: no, but hes not going to get 50k
 28220 | D:14     | drke: it would be really difficult and dangerous
 28224 | D:14     | drke: with these bonuses
 28261 | D:14     | drke: and hes only leading you because he has 2 more bonuses
 28319 | D:14     | drke: so you just need to get one of the three
 28319 | D:14     | FiftyNine: Well, I guess 15 is the safest one
 28337 | D:14     | FiftyNine: if boring
 28353 | D:14     | drke: yeah i agree
 28353 | D:14     | drke: probably get the spider rune and then reassess
 28354 | D:14     | drke: how risky slime is
 28411 | D:15     | Entered Level 15 of the Dungeon
 28747 | D:15     | Reached skill level 8 in Dodging
 28869 | D:15     | Found a staircase to the Depths.
 28896 | Depths:1 | Entered Level 1 of the Depths
 28897 | Depths:1 | goddamnit
 28897 | Depths:1 | drke: that sucks
 28897 | Depths:1 | FiftyNine: yeah
 28897 | Depths:1 | FiftyNine: I'm pretty sure I can't risk wizlab
 28897 | Depths:1 | FiftyNine: and I don't really have money for bazaar
 28906 | Depths:1 | drke: i mean there are going to be deep trolls and crap too
 28906 | Depths:1 | drke: the second i started clearing depths:1 i ran into the enchantress
 28907 | Depths:1 | FiftyNine: screw this
 28907 | Depths:1 | FiftyNine: better safe than sorry
 28976 | D:15     | drke: i mean if you still don't have rpois spider would probably have been too painful to clear anyways
 28976 | D:15     | drke: i mean its doable but it sucks
 28976 | D:15     | drke: at low level
 28976 | D:15     | drke: low level without rpois seems bad
 28976 | D:15     | FiftyNine: Well, I still have a lot of other places to clear
 28976 | D:15     | drke: yeah, i mean now you have time to find it
 28976 | D:15     | FiftyNine: maybe I'll find rPois along the way
 28976 | D:15     | FiftyNine: ye
 28976 | D:15     | drke: i meant if you did spider instead
 28976 | D:15     | drke: of going to depths
 28976 | D:15     | FiftyNine: ah
 28976 | D:15     | drke: and losing portals
 28976 | D:15     | FiftyNine: right
 28976 | D:15     | drke: would have been risky
 28976 | D:15     | FiftyNine: Ye
 28976 | D:15     | drke: itll be straightforward now
 28976 | D:15     | FiftyNine: Also, I could've gotten the same bazaar in spider
 28976 | D:15     | drke: unless you want zot20
 28976 | D:15     | drke: then it might be complicated
 28976 | D:15     | FiftyNine: eh
 28976 | D:15     | FiftyNine: I'll decide on that tomorrow
 28976 | D:15     | FiftyNine: It's already too late here for big decisions
 28976 | D:15     | drke: yes you need time to ponder
 28976 | D:15     | FiftyNine: Thanks for all the advice
 28976 | D:15     | drke: np
 28976 | D:15     | Upgraded the game from 0.16-a0-2675-g216447c to 0.16-a0-2702-gfff482a
 29178 | D:15     | Found a basalt altar of Yredelemnul.
 29702 | D:14     | Reached skill level 8 in Armour
 30232 | D:13     | Found a gate to the Vaults.
 30438 | D:13     | Learned a level 2 spell: Stoneskin
 31098 | D:11     | Found a runed door.
 32217 | Orc:4    | Bought a runed scale mail for 116 gold pieces
 32720 | Lair:1   | Noticed a black mamba
 32735 | Lair:1   | Killed a black mamba
 32735 | Lair:1   | Reached skill level 10 in Dodging
 33003 | Lair:2   | Reached XP level 15. HP: 118/118 MP: 29/29
 33849 | Lair:5   | Killed a death yak
 33854 | Lair:5   | Killed a death yak
 33860 | Lair:5   | Killed a death yak
 33860 | Lair:5   | Reached skill level 10 in Armour
 34443 | Lair:8   | Noticed a seven-headed hydra
 34471 | Lair:8   | Killed a seven-headed hydra
 34721 | Lair:8   | Noticed a fire dragon
 34730 | Lair:8   | Killed a fire dragon
 34730 | Lair:8   | Reached skill level 1 in Evocations
 35173 | Lair:8   | Reached skill level 3 in Evocations
 35694 | Lair:8   | Upgraded the game from 0.16-a0-2702-gfff482a to 0.16-a0-2736-g1697cd3
 36267 | Shoals:1 | Reached skill level 5 in Evocations
 36268 | Shoals:1 | Noticed utis' ghost (mighty KoAs)
 36315 | Shoals:1 | Killed utis' ghost
 36464 | Shoals:1 | Reached skill level 6 in Evocations
 36664 | Shoals:1 | Noticed a kraken
 36952 | Shoals:2 | Found Miur's Weapon Shoppe.
 36954 | Shoals:2 | Found Cadwinnoa's Magic Scroll Emporium.
 36989 | Shoals:2 | Reached skill level 8 in Evocations
 36993 | Shoals:2 | Bought a scroll of acquirement for 884 gold pieces
 37087 | Shoals:2 | Killed Rupert
 37553 | Shoals:3 | Reached XP level 16. HP: 125/125 MP: 28/29
 37615 | Shoals:3 | Found Aral's Weapon Emporium.
 37818 | Shoals:4 | Found a shadowy altar of Dithmenos.
 37857 | Shoals:4 | Noticed a kraken
 37919 | Shoals:4 | Killed a kraken
 38206 | Shoals:4 | Reached skill level 12 in Fighting
 38438 | Shoals:4 | Noticed an octopode crusher
 38760 | Shoals:4 | Killed an octopode crusher
 38929 | Shoals:5 | Noticed a kraken
 38968 | Shoals:5 | Killed a kraken
 39281 | Shoals:5 | Reached skill level 15 in Unarmed Combat
 39307 | Shoals:5 | Identified the Handbook of the Snowflakes and Arcane Weapons
 39867 | Shoals:5 | Identified the Grimoire of Stolen Souls
 40056 | Shoals:5 | Noticed Ilsuiw
 40157 | Shoals:5 | Killed Ilsuiw
 40357 | Shoals:5 | Got a barnacled rune of Zot
 40487 | Shoals:3 | Reached XP level 17. HP: 138/138 MP: 28/30
 40561 | Shoals:2 | Bought a pair of embroidered gloves for 144 gold pieces
 40561 | Shoals:2 | Bought a runed ring mail for 128 gold pieces
 40588 | Shoals:2 | mopl: how are you doing ?
 40589 | Shoals:2 | FiftyNine: So fat so good
 40589 | Shoals:2 | FiftyNine: far
 40589 | Shoals:2 | mopl: :D
 40589 | Shoals:2 | FiftyNine: hehe
 40589 | Shoals:2 | FiftyNine: Still got to get T4
 40589 | Shoals:2 | mopl: doing it in Shoals ?
 40589 | Shoals:2 | FiftyNine: Thanks god I finally found rPois
 40589 | Shoals:2 | FiftyNine: nah
 40589 | Shoals:2 | FiftyNine: spider
 40589 | Shoals:2 | mopl: I did it here too
 40638 | Lair:3   | mopl: got nice muts ?
 40701 | Lair:5   | FiftyNine: They're okay I guess
 40701 | Lair:5   | FiftyNine: not particularly good
 40701 | Lair:5   | mopl: magic shield is good
 40701 | Lair:5   | mopl: the rest is ok
 40701 | Lair:5   | FiftyNine: Are you going for 20 pts?
 40701 | Lair:5   | mopl: yep
 40701 | Lair:5   | FiftyNine: damn =)
 40701 | Lair:5   | mopl: I have 19 of them right now :D
 40701 | Lair:5   | FiftyNine: oh well
 40701 | Lair:5   | mopl: also I'm sorry but I don't think you can get Tier IV
 40701 | Lair:5   | FiftyNine: How so?
 40701 | Lair:5   | mopl: it's only for the first rune
 40701 | Lair:5   | mopl: Tier IV Bonus: Collect your first rune without leaving that rune's branch. (6 pts).
 40701 | Lair:5   | FiftyNine: Yeah
 40701 | Lair:5   | FiftyNine: damn
 40701 | Lair:5   | FiftyNine: oh well
 40701 | Lair:5   | FiftyNine: So dumb
 40701 | Lair:5   | FiftyNine: Heh
 40701 | Lair:5   | FiftyNine: Might as well quit right now
 40701 | Lair:5   | FiftyNine: Doesn't really change anything at this point
 40701 | Lair:5   | mopl: oh no
 40701 | Lair:5   | mopl: there's still 14 points to go
 40701 | Lair:5   | FiftyNine: Nah, I mean
 40701 | Lair:5   | FiftyNine: I can't get 1st place in div 2 now
 40701 | Lair:5   | mopl: technically, ldf could catch you for 2nd place
 40701 | Lair:5   | FiftyNine: mhm
 40701 | Lair:5   | FiftyNine: yeah, whatever
 40701 | Lair:5   | Quit the game

Vanquished Creatures
  2 krakens
  An octopode crusher (Shoals:4)
  Ilsuiw (Shoals:5)
  The ghost of utis the Bringer of Life, a mighty KoAs of Elyvilon (Shoals:1)
  6 merfolk javelineers (Shoals:5)
  4 merfolk impalers
  4 vault guards (D:13)
  Fannar (Lair:5)
  An ice dragon (D:15)
  Harold (Lair:5)
  2 hydras
  2 merfolk avatars
  2 satyrs (Shoals:5)
  4 merfolk aquamancers
  3 orc high priests
  3 death yaks (Lair:5)
  2 deep elf knights
  2 unseen horrors
  6 sea snakes
  4 orc knights (Orc:4)
  4 deep elf summoners (Elf:1)
  4 hill giants
  4 deep elf conjurers
  4 orc sorcerers
  A wolf spider (Lair:8)
  A cyclops (D:14)
  9 harpies
  3 ugly things
  11 elephants
  11 griffons
  7 manticores
  8 sirens
  10 fauns
  6 water nymphs
  A draconian (shapeshifter) (D:13)
  A guardian serpent (Lair:8)
  A torpor snail (Lair:6)
  8 centaur skeletons
  19 spiny frogs
  4 black mambas
  An efreet (D:15)
  15 komodo dragons
  A yaktaur (D:13)
  2 demonic crawlers (Elf:1)
  A freezing wraith (D:13)
  3 trolls
  2 fire drakes
  42 merfolk
  5 wind drakes
  A polar bear (Lair:4)
  4 deep elf priests
  2 boulder beetles
  A trapdoor spider zombie (D:11)
  5 slime creatures (D:14)
  9 snapping turtles
  2 two-headed ogres
  A wraith (D:12)
  3 basilisks
  A shadow (D:14)
  2 trapdoor spiders
  9 deep elf magi
  9 vampire mosquitoes
  8 water elementals
  6 deep elf fighters
  26 yaks
  11 hippogriffs
  Eustachio (Orc:1)
  4 steam dragons
  A hungry ghost (D:8)
  2 tarantellas (Elf:1)
  A naga (Lair:3)
  2 wargs
  26 water moccasins
  8 porcupines
  2 swamp drakes (Lair:8)
  13 ice beasts
  2 yellow wasps (Lair:8)
  17 orc warriors
  2 slaves (D:4)
  A black bear (D:9)
  3 phantoms
  9 centaurs
  8 spiders
  12 ogres
  A sky beast (D:14)
  2 boring beetles (Lair:8)
  22 giant frogs
  24 crocodiles
  3 big kobolds
  3 scorpions
  2 wyvern skeletons
  A water moccasin skeleton (D:5)
  8 wights
  15 killer bees
  A yak skeleton (Orc:4)
  A spriggan skeleton (D:11)
  A quasit (D:10)
  A troll skeleton (D:11)
  2 electric eels
  6 crimson imps
  17 jellies
  A giant frog zombie (D:13)
  A gnoll shaman (D:5)
  14 iguanas
  24 orc priests
  5 giant frog skeletons
  14 hounds
  An orange rat (Elf:1)
  30 orc wizards
  16 worker ants
  28 sheep
  Jessica (D:2)
  Terence (D:3)
  3 worker ant zombies
  37 adders
  3 gnolls
  2 orc skeletons (Orc:4)
  59 river rats
  3 shadow imps (D:11)
  3 worms
  3 giant mites
  2 adder skeletons (D:4)
  2 adder zombies
  8 giant geckos
  4 oozes
  154 orcs
  A bat skeleton (D:4)
  22 hobgoblins
  10 jackals
  25 kobolds
  16 quokkas
  A ball python (D:4)
  10 bats
  12 giant cockroaches
  2 giant gecko skeletons
  A giant gecko zombie (D:6)
  7 giant newts
  3 giant spores
  2 gnoll zombies (D:6)
  25 goblins
  A quokka zombie (D:8)
  18 rats
  3 rat skeletons (Orc:4)
  5 ballistomycetes
  3 plants
1151 creatures vanquished.

Vanquished Creatures (collateral kills)
  Rupert (Shoals:2)
  A deep elf sorcerer (Elf:1)
  2 merfolk javelineers (Shoals:5)
  7 merfolk impalers
  2 fire dragons
  3 vault guards (D:13)
  A hydra (Lair:4)
  A satyr (Shoals:3)
  A merfolk avatar (Shoals:4)
  2 ogre magi
  4 death yaks (Lair:8)
  An orc high priest (Orc:4)
  The ghost of utis the Mender, an experienced KoFi of Elyvilon (D:8)
  An unseen horror (D:12)
  A deep elf knight (Elf:1)
  2 sea snakes
  A faun (Shoals:2)
  A red wasp (Lair:8)
  2 orc knights (Orc:4)
  2 cyclopes
  2 manticores
  A griffon (Lair:8)
  2 wolf spiders (Lair:8)
  3 sirens
  2 water nymphs
  An elephant (Lair:7)
  A spiny frog (Lair:8)
  4 yaktaurs (D:13)
  3 black mambas
  A fire drake (Lair:8)
  5 two-headed ogres
  7 merfolk
  A snapping turtle (Shoals:4)
  A wyvern (Lair:8)
  A redback (Lair:8)
  2 deep elf magi (Elf:1)
  A yak (D:10)
  A deep elf fighter (Elf:1)
  2 hippogriffs
  A warg (Orc:4)
  3 water moccasins
  A porcupine (Lair:3)
  A swamp drake (Lair:8)
  3 ice beasts
  4 spiders
  A phantom (D:8)
  5 ogres
  5 orc warriors (Orc:4)
  2 crocodiles
  2 giant frogs
  4 killer bees (D:8)
  3 orc priests (Orc:4)
  A hound (Lair:5)
  2 orc wizards (Orc:4)
  3 worker ants (Lair:8)
  5 sheep
  7 river rats
  2 adders
  9 orcs (Orc:4)
  A butterfly (Lair:4)
  3 fungi
  2 plants (Shoals:5)
  2 tentacles (Shoals:5)
150 creatures vanquished.

Vanquished Creatures (others)
  2 Executioners (Shoals:5)
  2 cacodemons
  2 green deaths
  2 merfolk impalers (Shoals:5)
  A merfolk avatar (Shoals:5)
  A deep elf conjurer (Elf:2)
  A siren (Shoals:4)
  A faun (Shoals:4)
  14 drowned souls
  An orange demon (IceCv)
  A deep elf priest (Elf:2)
  A merfolk (Shoals:4)
  A hydra skeleton (Lair:8)
  A deep elf mage (Elf:1)
  A ynoxinul (D:10)
  A neqoxec (Lair:7)
  A crimson imp (Lair:6)
  2 orc priests (Orc:4)
  An orc wizard (Orc:4)
  6 ufetubi (Lair:5)
  An orc skeleton (Orc:4)
  A quokka (Lair:3)
  4 rat skeletons (Orc:4)
  6 fungi
  4 plants
  49 tentacles
  315 tentacle segments
423 creatures vanquished.

Grand Total: 1724 creatures vanquished

Action                   |  1- 3 |  4- 6 |  7- 9 | 10-12 | 13-15 | 16-18 || total
-------------------------+-------+-------+-------+-------+-------+-------++-------
Melee: Unarmed           |   105 |   214 |   355 |   941 |  1966 |   673 ||  4254
 Fire: Hunting sling     |     9 |   174 |   167 |   193 |     9 |       ||   552
Throw: Stone             |    63 |    10 |       |       |       |       ||    73
       Javelin           |       |       |     6 |     8 |    48 |     7 ||    69
 Cast: Apportation       |       |       |       |    15 |     2 |       ||    17
       Confusing Touch   |       |       |       |     2 |     2 |       ||     4
       Animate Skeleton  |       |       |       |       |     1 |       ||     1
Invok: Minor Destruction |       |       |     2 |     2 |    10 |       ||    14
       Lesser Servant of |       |       |     3 |     7 |     1 |       ||    11
       Major Destruction |       |       |       |     6 |       |       ||     6
       Greater Servant o |       |       |       |     4 |    12 |     8 ||    24
 Abil: Evoke Flight      |       |       |       |     1 |     7 |    19 ||    27
       Evoke Invisibilit |       |       |       |       |       |     4 ||     4
Evoke: Wand              |       |       |     4 |     6 |     8 |    10 ||    28
       Lamp of fire      |       |       |       |       |     1 |       ||     1
  Use: Scroll            |     1 |     7 |    11 |    17 |    21 |     5 ||    62
       Potion            |     1 |       |     3 |     3 |     4 |     2 ||    13
 Stab: Sleeping          |     1 |       |     1 |     7 |    35 |     3 ||    47
       Distracted        |       |       |       |     8 |     8 |     6 ||    22
       Invisible         |       |       |       |       |    11 |    49 ||    60
       Confused          |       |       |       |       |     3 |     3 ||     6
  Eat: Chunk             |     2 |    12 |     6 |    25 |    14 |     7 ||    66
       Beef jerky        |       |     1 |     4 |       |     5 |       ||    10
       Fruit             |       |     1 |       |     3 |    24 |       ||    28
       Pizza             |       |       |     1 |     1 |     4 |       ||     6
       Bread ration      |       |       |     2 |       |       |       ||     2
       Royal jelly       |       |       |       |     4 |     5 |       ||     9
       Meat ration       |       |       |       |       |       |     3 ||     3

Vault maps used:
D:1:      lightli_arrival_boilingwater, cheibriados_altar_1
D:2:      first_bread, uniq_sigmund, uniq_jessica
D:3:      forest_paths, uniq_terence
D:4:      nicolae_overflow_crystal_walls, nrook_loot_triangle,
          vehumet_altar_wand_db, uniq_pikel
D:6:      lemuel_zombie_altar_yredelemnul, xom_teletrap_fun,
          overflow_temple_1_default, minmay_temple_entry_enclosed_plants
D:7:      elyvilon_altar_1, uniq_joseph
D:8:      serial_park_square1, overflow_temple_1_default,
          gammafunk_temple_overflow_statue, serial_shops,
          nicolae_shop_window_shopping
D:9:      nicolae_gozag_seed_capital, kennysheep_mini,
          minmay_orc_entry_temple_small
D:10:     erik_lair_dragon, serial_shops, nicolae_shop_trees
D:11:     serial_shops, shop_fountains, serial_glass, glass_columns_a,
          glass_columns_a, glass_columns_a, glass_columns_a, glass_columns_c,
          glass_columns_a, hangedman_tell_no_tales, kennysheep_cross_bottleneck
D:13:     erik_vaults_2, special_room
D:14:     serial_park_avenue1
D:15:     grunt_enter_depths_hoard, yredelemnul_altar_generic
Temple:   circular_temple_pool_8
Lair:1:   portal_ice_cave_entry_pillars_02, grunt_megastairs_4,
          lemuel_fruit_tree, infiniplex_staircase_pool_2
Lair:2:   st_stairs_12, cheibrodos_lair_reptile_den, bh_autumn_forest_stairs
Lair:3:   minmay_shoals_entry_centaurs, guppyfry_snake_entry_island,
          minivault_27
Lair:4:   lemuel_fruit_fields
Lair:5:   spider_nest_entry_a, grunt_megastairs_2, infiniplex_staircase_pool,
          uniq_harold, uniq_fannar
Lair:6:   minmay_slime_entry_jelly_boxes, serial_bayou_shore_b,
          serial_bayou_shore_a
Lair:8:   guppyfry_lair_end_dragon, hangedman_lair_tendril_chambers
Shoals:1: serial_shops, nicolae_shop_stone, nicolae_shoals_circle_sea_wall
Shoals:2: serial_shops, bzr_entry_lakeside, shop, shop, shop,
          nicolae_shop_overgrown_old_shop, uniq_rupert
Shoals:3: serial_shops, shop, shop, shop, shop_statue
Shoals:4: cheibrodos_shoals_oceanic_diplomacy, wheals_shoals_ruined_temple
Shoals:5: shoals_end_hangedman, shoal_ilsuiw, nicolae_shoals_mertower
Slime:1:  cheibrodos_slime_lost_civilization_2
Orc:1:    uniq_eustachio
Orc:2:    basic_altar, baited_tele_trap
Orc:3:    basic_altar, nicolae_orc_pool_cavern
Orc:4:    serial_shops, nicolae_shop_overgrown_old_shop, nicolae_shop_crystal,
          enter_volcano_3, grunt_orc_tribal_feast
Elf:1:    orc_legates, uniq_maud, uniq_roxanne
Elf:3:    grunt_elf_hall_branching, serial_shops, nicolae_shop_crystal,
          shop_fountains, nicolae_shop_crystal, nicolae_shop_waterfront
Depths:1: serial_sigils_hangedman_snap, infiniplex_enter_wizlab_water,
          hell_entry, serial_shops, bzr_entry_dummy, shop,
          minmay_room_of_horrors, kennysheep_cross_room,
          roderic_ancient_swastika, minivault_16, nemelex_deck, firewood_loft
Bazaar:   bazaar_jpeg_cross
IceCv:    ice_cave_small_dragons
Volcano:  volcano_caves
